Map: Magannatha LE

Players

mares

  • Race: Protoss Protoss
  • Spawn Location: 11:00

A.I. 1 (Very Easy) - Winner!

  • Race: Terran Terran
  • Spawn Location: 5:00

VOD

Have the link to the VOD?

Description

Time

  • Played on: June 8, 2025, 4:01 a.m.
  • Length: 4:38
Show
View Real Time Build Order
Export as new Build Order

mares Protoss 

Build Orders: Dark Templar Rush 

Get SALT Encoding   

  6  0:00  Probe  
  13  0:12  Probe  
  14  0:17  Pylon  
  14  0:24  Probe  
  15  0:36  Probe, Gateway  
  15  0:41  Assimilator  
  16  0:48  Probe  
  17  0:52  Assimilator  
  17  1:01  Probe  
  18  1:08  Pylon  
  18  1:13  Probe  
  19  1:23  Probe, Cybernetics Core  
  20  1:31  Probe  
  20  1:39  Probe  
  22  1:57  Nexus  
  22  2:07  Twilight Council, Stalker  
  22  2:11  Warp Gate  
  22  2:22  Probe  
  25  2:34  Probe, Stalker  
  28  2:45  Dark Shrine  
  28  2:49  Probe  
  29  2:57  Pylon  
  29  3:01  Probe  
  30  3:10  Probe  
  31  3:13  Probe  
  31  3:15  Robotics Facility  
  34  3:28  Gateway  
  32  3:35  Gateway  
  32  3:38  Gateway  
  32  3:45  Probe x2  
  34  3:54  Warp Prism  
  34  3:57  Probe  
  34  4:00  Dark Templar  
  38  4:06  Probe  
  38  4:09  Probe  
  41  4:18  Probe  
  41  4:21  Probe  
  41  4:24  Dark Templar  
  45  4:30  Dark Templar  
  47  4:31  Dark Templar  
Show
View Real Time Build Order
Export as new Build Order

A.I. 1 (Very Easy) Terran - Winner!

Build Orders:  

Get SALT Encoding   

  6  0:00  SCV  
  13  0:13  SCV  
  14  0:18  Supply Depot  
  14  0:37  Refinery  
  14  0:42  Barracks  
  14  1:03  Supply Depot  
  14  1:11  Refinery  
  14  1:29  Orbital Command, Marine  
  15  1:47  Barracks Tech Lab  
  15  1:54  SCV  
  16  2:06  SCV  
  17  2:13  Marine  
  18  2:18  SCV  
  19  2:31  SCV  
  20  2:43  SCV  
  21  2:55  SCV  
  24  2:58  Marauder  
Tags
 
Add a new tag
Caveats
  • Supply blocks, unpowered buildings, or Contaminate may cause inaccurate times.
  • Supply counts are checked every 10 seconds.